 Dungeon Crawl Stone Soup version 0.24-a0-537-g2d01d4ab0a (webtiles) character file.

Game seed: 15792912662536076442

0 Mithandil the Sneak (level 1, 0/15 HPs)
             Began as a Naga Wizard on Aug 16, 2019.
             Killed from afar by a dart slug (4 damage)
             ... with a slug dart
             ... on level 1 of the Dungeon.
             The game lasted 00:01:16 (41 turns).

Mithandil the Sneak (Naga Wizard)                     Turns: 41, Time: 00:01:18

Health: 0/15       AC:  1    Str:  9    XL:     1   Next: 10%
Magic:  1/4        EV: 10    Int: 18    God:
Gold:   0          SH:  0    Dex:  9    Spells: 5/6 levels left

rFire    . . .     SeeInvis +   (no weapon)
rCold    . . .     Gourm    .   (no shield)
rNeg     . . .     Faith    .   a - +0 robe
rPois    +         Spirit   .   b - +0 hat
rElec    .         Reflect  .   (no cloak)
rCorr    .         Harm     .   (no gloves)
MR       .....                  (no barding)
Stlth    ++........             (no amulet)
HPRegen  0.05/turn              (no ring)
MPRegen  0.09/turn              (no ring)

@: short of breath, very slightly contaminated, very slow
A: large, see invisible, deformed body, poison resistance, slowness 2, slow
metabolism 1, spit poison 1, AC +0
a: Spit Poison


You were on level 1 of the Dungeon.
You were not hungry.

You visited 1 branch of the dungeon, and saw 1 of its levels.

Inventory:

Armour
 a - a +0 robe (worn)
 b - a +0 hat (worn)
Comestibles
 d - a ration


   Skills:
 + Level 1.5 Dodging
 + Level 3.0 Stealth
 * Level 3.0 Spellcasting
 * Level 1.0 Conjurations
   Level 1.0 Summonings
   Level 1.0 Translocations


You had 5 spell levels left.
You knew the following spells:

 Your Spells              Type           Power        Failure   Level  Hunger
a - Magic Dart            Conj           #...         11%         1    None

Your spell library contained the following spells:

 Spells                   Type           Power        Failure   Level  Hunger
 Blink                    Tloc           N/A          16%         2    ##.....
 Call Imp                 Summ           #.......     16%         2    ##.....
 Slow                     Hex            #.......     24%         2    ##.....
 Conjure Flame            Conj/Fire      #.......     36%         3    ###....
 Mephitic Cloud           Conj/Pois/Air  #.......     38%         3    ###....


Dungeon Overview and Level Annotations

Branches:
Dungeon (1/15)

Altars:


Innate Abilities, Weirdness & Mutations

You cannot wear boots.
Your serpentine skin is tough. (AC +0)
You have supernaturally acute eyesight. (SInv)
Armour fits poorly on your strangely shaped body.
Your system is resistant to poisons. (rPois)
You cover ground very slowly.
You have a slow metabolism.
You can spit poison.


Message History

Aiming: Magic Dart (safe; 11% risk of failure)
Press: ? - help, Shift-Dir - straight line, f/p - dart slug
Aim: a dart slug (clinging)
The magic dart hits the dart slug but does no damage.
Casting: Magic Dart (safe; 11% risk of failure)
Confirm with . or Enter, or press ? or * to list all spells.
You don't have enough magic to cast that spell.
Unknown command.
The dart slug launches a dart at you. The slug dart hits you.
* * * LOW HITPOINT WARNING * * *
Press: ? - help, Shift-Dir - straight line, f/p - dart slug
Aim: a dart slug The splash of poison hits the dart slug.
The dart slug is poisoned.
The dart slug is heavily wounded.
You feel slightly more hungry. The dart slug launches a dart at you.
The slug dart hits you.
You die...

#.#.# #.#.#
######.#.#########
.......#..........
..##########....#####...
...........'........+
#.####.##.#....#####
#.......#.#....#
######@.#.#....#
#....#.#....###
.....w.#.#......#
....###.##.######.## ...
...#.# #..## .. #..
###...### . #..
##.......# #..#
#..####...# ##..# ##..


You could see a dart slug.

Vanquished Creatures
  A frilled lizard (D:1)
1 creature vanquished.

Notes
Turn   | Place    | Note
-------+----------+-------------------------------------------
     0 | D:1      | Mithandil the Naga Wizard began the quest for the Orb.
     0 | D:1      | Reached XP level 1. HP: 15/15 MP: 4/4
    41 | D:1      | Killed from afar by a dart slug

Levels and vault maps discovered:
D:1:      dpeg_arrival_arbitrary_b, layout_basic, st_stairs_4

Action                   || total
-------------------------++-------
 Cast: Magic Dart        ||     3
 Abil: Spit Poison       ||     1

Table legend:
 A = Non-vault XP
 B = Vault XP
 C = Vault XP percentage of total XP
 D = Non-vault monster count
 E = Vault monster count
 F = Vault count percentage of total count
                 A         B        C        D         E       F
            +---------+---------+-------+---------+---------+-------
      Total |       1 |       0 |   0.0 |       1 |       0 |   0.0
            +---------+---------+-------+---------+---------+-------
        D:1 |       1 |       0 |   0.0 |       1 |       0 |   0.0
            +---------+---------+-------+---------+---------+-------
